 Dungeon Crawl Stone Soup version 0.15.1-1-gfacfea3 (webtiles) character file.

205 Johnny the Gusty (level 5, -2/41 HPs)
             Began as a Demigod Air Elementalist on Sept 19, 2014.
             Slain by Frenchkiss' ghost (11 damage)
             ... on Level 4 of the Dungeon.
             The game lasted 00:08:59 (4111 turns).

Johnny the Gusty (Demigod Air Elementalist)         Turns: 4111, Time: 00:09:00

HP  -2/41        AC  3     Str 17      XL: 5   Next: 27%
MP   4/12        EV 13     Int 20      God:
Gold 131         SH  0     Dex 16      Spells:  3 memorised,  2 levels left

rFire  . . .     SeeInvis .     t - +2 short sword (venom)
rCold  . . .     Clarity  .     a - +0 robe
rNeg   . . .     rCorr    .     (no shield)
rPois  .         rRot     .     (no helmet)
rElec  .         Spirit   .     (no cloak)
SustAb .         Warding  .     (no gloves)
rMut   .         Stasis   .     e - +0 pair of boots
Gourm  .                        (no amulet)
MR     .....                    (no ring)
                                v - +4 ring of strength

@: not resistant to hostile enchantments, unstealthy
A: no striking features
a: no special abilities


You were on level 4 of the Dungeon.
You were hungry.

You visited 1 branch of the dungeon, and saw 4 of its levels.

You collected 131 gold pieces.

Inventory:

Hand weapons
 d - a +0 club
 t - a +2 short sword of venom (weapon)
Armour
 a - a +0 robe (worn)
 e - a +0 pair of boots (worn)
 x - a +0 cloak
 y - a +0 ring mail
Comestibles
 c - 3 bread rations
 i - 2 rotting chunks of worker ant flesh
 m - a meat ration
 w - a fruit
Scrolls
 j - 3 scrolls of blinking {unknown}
 o - a scroll of teleportation {unknown}
 p - 2 scrolls of enchant weapon {unknown}
 q - a scroll of fear {unknown}
 r - a scroll of magic mapping {unknown}
 u - a scroll of amnesia {unknown}
Jewellery
 v - a +4 ring of strength (left hand)
Potions
 f - a potion of confusion {unknown}
 g - a potion of curing {unknown}
 h - a potion of brilliance
 k - a potion of restore abilities {unknown}
 l - a potion of cancellation {unknown}
 n - 3 potions of poison
 s - a potion of flight {unknown}
Books
 b - a book of Air

   Spells                             Type                      Level
   *Shock                             Conjuration/Air              1
   Swiftness                          Charms/Air                   2
   Repel Missiles                     Charms/Air                   2
   *Flight                            Charms/Air                   3
   *Static Discharge                  Conjuration/Air              3
   Lightning Bolt                     Conjuration/Air              5


   Skills:
 * Level 2.2 Fighting
 + Level 1.1 Armour
 * Level 2.8 Dodging
 + Level 2.1 Stealth
 * Level 2.5 Spellcasting
 + Level 1.5 Conjurations
 * Level 3.2 Air Magic


You had 2 spell levels left.
You knew the following spells:

 Your Spells              Type           Power        Failure   Level  Hunger
a - Shock                 Conj/Air       ##..         6%          1    None
b - Static Discharge      Conj/Air       ##......     17%         3    ###....
c - Flight                Chrm/Air       #.........   24%         3    ###....


Dungeon Overview and Level Annotations

Branches:
Dungeon (4/15)
 Temple: D:4-7

Annotations:
D:4 Frenchkiss' ghost, average VSMo


Message History

Confirm with . or Enter, or press ? or * to list all spells.
You don't have enough magic to cast that spell.
Frenchkiss' ghost sneers, "Only the weak need weapons."
Casting: Static Discharge
Confirm with . or Enter, or press ? or * to list all spells.
You don't have enough magic to cast that spell.
Drink which item? (? for menu, Esc to quit)
Okay, then.
Casting: Static Discharge
Confirm with . or Enter, or press ? or * to list all spells.
You don't have enough magic to cast that spell.
Frenchkiss' ghost swings its fists at you.
Your magical contamination has completely faded away.
A rat comes into view.
Casting: Static Discharge
Confirm with . or Enter, or press ? or * to list all spells.
You don't know that spell.
Unknown command.
Frenchkiss' ghost hits you!
You die...

####.######..#...#.####.....
#..#.######.................
#........##............###..
#....###.##............###..
#....#.#.##>.......)........
#....#.............#######..
#....######.############ #..
#......................# #..
#.######...@......####.###..
#...........W............)..
#######...........####.###.%
#..............#.# #..
#..............#.# #..
#..............#.# #..
#.........♣♣♣♣♣#.# #..
#.........♣ #.# #..
#.r.......♣ ..# ###


You could see Frenchkiss' ghost.

Vanquished Creatures
  A worker ant (D:4)
  4 gnolls (D:4)
  5 adders
  A giant mite (D:4)
  3 worms
  A ball python (D:3)
  3 giant cockroaches
  7 hobgoblins
  6 kobolds
  8 bats
  3 giant geckos
  A giant newt (D:3)
  8 goblins
  11 jackals
  2 quokkas (D:2)
  8 rats
72 creatures vanquished.

Notes
Turn   | Place    | Note
--------------------------------------------------------------
     0 | D:1      | Johnny, the Demigod Air Elementalist, began the quest for the Orb.
     0 | D:1      | Reached XP level 1. HP: 14/14 MP: 3/3
   541 | D:1      | Reached XP level 2. HP: 19/22 MP: 2/4
   870 | D:2      | Found a basalt altar of Yredelemnul.
  1115 | D:2      | Reached skill level 1 in Fighting
  1528 | D:2      | Found a glowing silver altar of Zin.
  1528 | D:2      | Found a stormy altar of Qazlal.
  1553 | D:2      | Reached skill level 1 in Conjurations
  1739 | D:2      | Reached XP level 3. HP: 28/28 MP: 4/8
  2580 | D:3      | Found a shadowy altar of Dithmenos.
  2593 | D:3      | Reached XP level 4. HP: 35/35 MP: 8/11
  2638 | D:3      | Reached skill level 3 in Air Magic
  2687 | D:3      | Learned a level 3 spell: Static Discharge
  3353 | D:3      | Found a glowing golden altar of the Shining One.
  3584 | D:3      | Learned a level 3 spell: Flight
  3807 | D:4      | Reached skill level 1 in Armour
  3808 | D:4      | Reached XP level 5. HP: 25/41 MP: 3/12
  3838 | D:4      | HP: 2/41 [poisoned by a worker ant]
  3846 | D:4      | HP: 1/41 [poisoned by a worker ant]
  4014 | D:4      | Noticed Frenchkiss' ghost (average VSMo)
  4111 | D:4      | Slain by Frenchkiss' ghost

Action                   |  1- 3 |  4- 6 || total
-------------------------+-------+-------++-------
Melee: Club              |    41 |       ||    41
       Unarmed           |     5 |       ||     5
       Short sword       |    19 |    58 ||    77
 Cast: Shock             |    90 |    22 ||   112
       Static Discharge  |       |     5 ||     5
       Flight            |       |     1 ||     1
  Use: Potion            |       |     6 ||     6
 Stab: Sleeping          |       |     2 ||     2
       Distracted        |       |     1 ||     1
  Eat: Chunk             |     6 |     5 ||    11
